 Dungeon Crawl Stone Soup version 0.23-a0-636-g0ff6057 (webtiles) character file.

51 MisterFreud the Slasher (level 3, -1/24 HPs)
             Began as an Octopode Gladiator on Dec 28, 2018.
             Slain by a water moccasin zombie (7 damage)
             ... on level 2 of the Dungeon.
             The game lasted 00:01:22 (821 turns).

MisterFreud the Slasher (Octopode Gladiator)         Turns: 821, Time: 00:01:25

Health: -1/24      AC:  1    Str: 13    XL:     3   Next: 83%
Magic:  3/3        EV: 14    Int: 11    God:
Gold:   23         SH:  0    Dex: 13    Spells: 2/2 levels left

rFire    . . .     SeeInvis .   a - +0 long sword
rCold    . . .     Gourm    .   (no shield)
rNeg     . . .     Faith    .   b - +0 hat
rPois    .         Spirit   .   (no amulet)
rElec    .         Reflect  .   (no ring)
rCorr    .         Harm     .   (no ring)
MR       .....                  (no ring)
Stlth    ++........             (no ring)
HPRegen  0.08/turn              (no ring)
MPRegen  0.08/turn              (no ring)
                                (no ring)
                                (no ring)

@: no status effects
A: almost no armour, stealthy swim, amphibious, 8 rings, constrict 8, camouflage
1, gelatinous body 1
a: no special abilities


You were on level 2 of the Dungeon.
You were not hungry.

You visited 1 branch of the dungeon, and saw 2 of its levels.

You collected 23 gold pieces.

Inventory:

Hand Weapons
 a - a +0 long sword (weapon)
Missiles
 c - 3 throwing nets (quivered)
 e - 5 needles of confusion
 h - 6 needles of sleeping
 i - 50 stones
 m - 6 poisoned needles
 n - 14 sling bullets
Armour
 b - a +0 hat (worn)
Wands
 j - a wand of flame (15)
Scrolls
 g - a scroll of magic mapping {unknown}
Potions
 k - a potion of degeneration {unknown}
 l - 3 potions of heal wounds
Comestibles
 d - a ration
 f - 5 chunks of flesh


   Skills:
 - Level 2.0 Fighting
 + Level 4.6 Long Blades
 - Level 2.0 Throwing
 - Level 3.0 Dodging


You had 2 spell levels left.
You didn't know any spells.
Your spell library was empty.

Dungeon Overview and Level Annotations

Branches:
Dungeon (2/15)

Altars:
Xom


Innate Abilities, Weirdness & Mutations

You cannot wear most types of armour.
You are very stealthy in the water. (Stealth+)
You are amphibious.
You can wear up to eight rings at the same time.
You can use your tentacles to constrict eight enemies at once.
Your skin changes colour to match your surroundings (Stealth+).
Your rubbery body absorbs attacks. (AC +1, EV +1)


Message History

The bat barely misses you.
You barely miss the bat. You grab the bat. You constrict the bat.
The bat barely misses you.
The bat struggles to escape constriction.
The bat escapes!
You barely miss the bat. You grab the bat.
The bat is heavily wounded.
You constrict the bat.
You kill the bat!
You hit the water moccasin zombie.
Your grab misses the water moccasin zombie.
The water moccasin zombie is lightly damaged.
The water moccasin zombie bites you.
You hit the water moccasin zombie. You grab the water moccasin zombie.
The water moccasin zombie is lightly damaged.
You constrict the water moccasin zombie.
The water moccasin zombie bites you!
* * * LOW HITPOINT WARNING * * *
The water moccasin zombie bites you!
You die...

#.#### #.# ## .
......##.##### #. b #.
#....#.... #..
##.####....... .#..#
#.....÷....... ......
...#...........
......#######...###.....
....#...#.....#.# ##..>.
....!.Z@....###.# ##.##
............###.# ...
..............#.# ###
...#########†...... ..
###..#. # ##.# .. .


You could see a water moccasin zombie.

Vanquished Creatures
  An adder (D:2)
  2 worms (D:2)
  2 dart slugs
  4 leopard geckos
  5 bats
  2 giant cockroaches (D:2)
  A goblin (D:1)
  4 hobgoblins
  4 kobolds
  3 rats (D:1)
28 creatures vanquished.

Notes
Turn   | Place    | Note
-------+----------+-------------------------------------------
     0 | D:1      | MisterFreud the Octopode Gladiator began the quest for the
                  | Orb.
     0 | D:1      | Reached XP level 1. HP: 14/14 MP: 1/1
    73 | D:1      | Reached XP level 2. HP: 19/19 MP: 2/2
   236 | D:1      | Found a shimmering altar of Xom.
   405 | D:1      | Reached skill level 4 in Long Blades
   705 | D:2      | Reached XP level 3. HP: 24/24 MP: 3/3
   717 | D:2      | Found a faded altar of an unknown god.
   821 | D:2      | Slain by a water moccasin zombie

Vault maps used:
D:1:      minmay_arrival_three_doors, xom_teletrap_fun
D:2:      nicolae_overflow_crystal_walls, fedhas_altar_2,
          chequers_ecumenical_altar_simple, uniq_jessica, uniq_natasha

Skill      XL: |  1  2 |
---------------+-------+-----
Long Blades    | 4 |  4.6
Fighting       | |  2.0
Throwing       | |  2.0
Dodging        | |  3.0

Action                   || total
-------------------------++-------
Melee: Long sword        ||    38
       Constrict         ||    15
       Tentacles         ||     9
  Use: Scroll            ||     3
 Stab: Sleeping          ||     7
Armor: Skin              ||     2
Dodge: Dodged            ||    36
       Rpst.: Long sword ||    15

Table legend:
 A = Non-vault XP
 B = Vault XP
 C = Vault XP percentage of total XP
 D = Non-vault monster count
 E = Vault monster count
 F = Vault count percentage of total count
                 A         B        C        D         E       F
            +---------+---------+-------+---------+---------+-------
      Total |      74 |       0 |   0.0 |      28 |       0 |   0.0
            +---------+---------+-------+---------+---------+-------
        D:1 |      33 |       0 |   0.0 |      17 |       0 |   0.0
        D:2 |      41 |       0 |   0.0 |      11 |       0 |   0.0
            +---------+---------+-------+---------+---------+-------
